 Dungeon Crawl Stone Soup version 0.24.0-13-gcf9b319 (webtiles) character file.

Game seed: 12578749550144995007, levelgen mode: deterministic

1252 warborn304 the Cudgeler (level 8, 0/54 HPs)
             Began as a Human Chaos Knight on Dec 15, 2019.
             Was a Plaything of Xom.
             Slain by a centaur (6 damage)
             ... on level 6 of the Dungeon on Dec 16, 2019.
             The game lasted 00:21:47 (7461 turns).

warborn304 the Cudgeler (Human Chaos Knight)        Turns: 7461, Time: 00:21:47

Health: 0/54       AC: 15    Str: 13 (14) XL:     8   Next: 80%
Magic:  8/8        EV: 10    Int: 11 (13) God:    Xom [....*.]
Gold:   289        SH:  0    Dex: 10 (13) Spells: 7/7 levels left

rFire    . . .     SeeInvis +   a - +1 mace (chaos)
rCold    . . .     Gourm    .   (no shield)
rNeg     . . .     Faith    .   h - +3 chain mail
rPois    +         Spirit   .   (no helmet)
rElec    .         Reflect  .   (no cloak)
rCorr    .         Harm     .   i - +0 pair of gloves
MR       +....                  d - +0 pair of boots
Stlth    ..........             (no amulet)
HPRegen  0.18/turn              p - +4 ring of evasion
MPRegen  0.11/turn              w - ring of protection from magic

@: about to teleport
A: see invisible, frail 1, poison resistance, MP-powered wands
a: Renounce Religion


You were on level 6 of the Dungeon.
You worshipped Xom.
You were a beloved toy of Xom.
You were hungry.

You visited 1 branch of the dungeon, and saw 7 of its levels.

You collected 289 gold pieces.

Inventory:

Hand Weapons
 a - a +1 mace of chaos (weapon)
 o - a +1 hand axe of electrocution
Missiles
 n - 15 boomerangs (quivered)
Armour
 b - a +2 leather armour
 d - a +0 pair of boots (worn)
 h - a +3 chain mail (worn)
 i - a +0 pair of gloves (worn)
Magical Staves
 q - an uncursed staff of fire
Jewellery
 p - a +4 ring of evasion (left hand)
 t - an uncursed ring of ice
 w - a ring of protection from magic (right hand)
Wands
 l - a wand of flame (6)
 r - a wand of iceblast (5)
Scrolls
 e - a scroll of teleportation
 f - 4 scrolls of remove curse
 g - 3 scrolls of identify
 k - a scroll of magic mapping
Potions
 j - 2 potions of agility
 m - 2 potions of curing
 s - 2 potions of invisibility
Comestibles
 c - 9 rations


   Skills:
 + Level 4.5 Fighting
 + Level 7.3 Maces & Flails
 + Level 1.3 Throwing
 + Level 5.4 Armour
 + Level 2.2 Dodging
 + Level 2.9 Stealth
 + Level 0.3 Evocations


You had 7 spell levels left.
You didn't know any spells.
Your spell library was empty.

Dungeon Overview and Level Annotations

Branches:
Dungeon (7/15)             Temple (0/1) D:6

Altars:
Elyvilon
Gozag
Hepliaklqana
Uskayaw
Wu Jian
Xom
Yredelemnul


Innate Abilities, Weirdness & Mutations

You have supernaturally acute eyesight. (SInv)
You are frail. (-10% HP)
Your system is resistant to poisons. (rPois)
You expend magic power (3 MP) to strengthen your wands.


Message History

Your white imp barely misses the centaur.
As you read the scroll of teleportation, it crumbles to dust.
You feel strangely unstable.
The centaur hits you but does no damage.
The centaur closely misses you.
Your iron imp misses the centaur.
The centaur hits you.
* * * LOW HITPOINT WARNING * * *
Your white imp hits the centaur.
Your white imp freezes the centaur.
You closely miss the centaur.
The centaur is severely wounded.
The centaur hits you but does no damage. x2
Your iron imp hits the centaur but does no damage.
The centaur closely misses you.
Your white imp hits the centaur but does no damage.
You closely miss the centaur.
The centaur is severely wounded.
The centaur closely misses you. The centaur hits you.
* * * LOW HITPOINT WARNING * * *
The centaur hits you.
You die...

##...# #.#.## #.#..# #.##.#
#.##.# ######### #.##.#
#.......# #######.##.###
#.......#
.............########.......#
.##.....##.#..5c@c5.........#
.....#####.##########.......#
###......#...###..[.........#
###..P.P.........####.......#
.#...._...##.################
.#...P.P.###.#####........#
.#.#.....###.##.<..######.#
........###.....#### #.#
.#.###.........###### #.#


You could see 2 centaurs, a friendly iron imp and a friendly white imp.

Vanquished Creatures
  A sky beast (D:5)
  A necrophage (D:6)
  An ogre (D:4)
  Blork the orc (D:4)
  A jelly (D:5)
  3 scorpions
  A howler monkey (D:4)
  A quasit (D:6)
  2 orc priests (D:4)
  3 hounds
  An iguana (D:4)
  5 worker ants
  A hound zombie (D:6)
  5 gnolls
  13 adders
  2 oozes (D:2)
  An adder zombie (D:5)
  4 worms
  2 dart slugs (D:1)
  2 leopard geckos
  16 orcs
  2 ball pythons
  8 bats
  6 giant cockroaches
  4 goblins
  7 hobgoblins
  3 jackals
  A quokka (D:4)
  4 frilled lizards
  2 jackal skeletons (D:4)
  A jackal zombie (D:4)
  6 kobolds
  6 rats
117 creatures vanquished.

Vanquished Creatures (collateral kills)
  A bullfrog skeleton (D:5)
  A hound (D:5)
  An orc wizard (D:5)
  2 orcs (D:5)
  3 jackals (D:5)
8 creatures vanquished.

Grand Total: 125 creatures vanquished

Notes
Turn   | Place    | Note
-------+----------+-------------------------------------------
     0 | D:1      | warborn304 the Human Chaos Knight began the quest for the
                  | Orb.
     0 | D:1      | Reached XP level 1. HP: 18/18 MP: 1/1
   299 | D:1      | Reached XP level 2. HP: 24/24 MP: 2/2
   318 | D:1      | XOM: divination: detect items
   599 | D:1      | Reached XP level 3. HP: 29/29 MP: 3/3
  1134 | D:2      | Reached skill level 4 in Maces & Flails
  1134 | D:2      | Reached XP level 4. HP: 35/35 MP: 4/4
  1215 | D:2      | Found an ornate altar of the Wu Jian Council.
  1244 | D:2      | XOM: mild Tmut miscast
  1358 | D:2      | XOM: smoke on damage
  1363 | D:2      | XOM: summons 1 hostile demon
  1718 | D:2      | Reached XP level 5. HP: 41/41 MP: 5/5
  1719 | D:2      | Found a hazy altar of Hepliaklqana.
  2056 | D:3      | XOM is BORED!
  2056 | D:3      | XOM: medium Ice miscast
  2365 | D:3      | XOM: scenery: create altars
  2740 | D:3      | XOM: smoke on damage
  2770 | D:3      | Reached skill level 1 in Stealth
  2920 | D:3      | Found an opulent altar of Gozag.
  2939 | D:3      | Reached XP level 6. HP: 39/48 MP: 6/6
  3226 | D:4      | Gained mutation: You have supernaturally acute eyesight.
                  | (SInv) [potion of mutation]
  3226 | D:4      | Gained mutation: You expend magic power (3 MP) to
                  | strengthen your wands. [potion of mutation]
  3226 | D:4      | Gained mutation: You are frail. (-10% HP) [potion of
                  | mutation]
  3226 | D:4      | Gained mutation: Your system is resistant to poisons.
                  | (rPois) [potion of mutation]
  3235 | D:4      | Noticed an ogre
  3548 | D:4      | Killed an ogre
  3548 | D:4      | Reached skill level 5 in Maces & Flails
  4080 | D:4      | Noticed Blork the orc
  4093 | D:4      | Killed Blork the orc
  4093 | D:4      | Reached XP level 7. HP: 19/47 MP: 7/7
  4101 | D:4      | XOM: divination: detect items
  4220 | D:4      | XOM: mild Chrm miscast
  4440 | D:4      | XOM: butterfly on damage
  4745 | D:4      | XOM: swap monsters
  4752 | D:4      | Reached skill level 6 in Maces & Flails
  4830 | D:4      | XOM: 4-stop teleportation journey
  5016 | D:4      | XOM: potion effect (heal wounds)
  5259 | D:4      | XOM: enchant monster (bad)
  5265 | D:4      | Reached XP level 8. HP: 44/54 MP: 8/8
  5651 | D:5      | Entered Level 5 of the Dungeon
  5725 | D:5      | XOM: mild Pois miscast
  5731 | D:5      | XOM: enchant monster (bad)
  5735 | D:5      | XOM: confuse monster(s)
  5740 | D:5      | XOM: scenery: 1 doors open, 1 doors close
  6083 | D:5      | Found a hide-covered altar of Uskayaw.
  6084 | D:5      | Noticed a +0 dagger
  6084 | D:5      | Noticed a +0 hand axe
  6545 | D:5      | Reached skill level 5 in Armour
  6741 | D:5      | Reached skill level 7 in Maces & Flails
  6741 | D:5      | Reached skill level 1 in Throwing
  6840 | D:5      | XOM: harmless Conj miscast
  6851 | D:6      | Found a staircase to the Ecumenical Temple.
  6857 | D:6      | XOM: blink monster(s)
  6907 | D:6      | Found a basalt altar of Yredelemnul.
  6948 | D:6      | Found a white marble altar of Elyvilon.
  7054 | D:6      | XOM: polymorph crimson imp -> quasit
  7061 | D:6      | XOM: smoke on damage
  7081 | D:6      | XOM: summons friendly crimson imp
  7282 | D:6      | XOM: mild Pois miscast
  7306 | D:6      | XOM: harmless Ice miscast
  7447 | D:7      | XOM: enchant monster (bad)
  7455 | D:7      | XOM: snakes to sticks
  7457 | D:6      | XOM: summons 2 friendly demons
  7461 | D:6      | Slain by a centaur

Levels and vault maps discovered:
D:1:      dpeg_arrival_concentric_ovals, layout_loops_corners
D:2:      minmay_chambers_of_twos, layout_loops_ring, marbit_many_paths,
          lemuel_doored_altar, first_ration
D:3:      layout_loops_ring, lemuel_crystal_altar
D:4:      layout_loops_corners, uniq_blork_the_orc
D:5:      layout_gridville, dancing_weapons_uskayaw
D:6:      layout_rooms, yredelemnul_altar_generic,
          minmay_temple_entry_stoned_glass, basic_altar
D:7:      layout_loops_ring, gammafunk_ghost_berserking_beasts,
          nrook_loot_triangle

Skill      XL: |  1  2  3  4  5  6  7  8 |
---------------+-------------------------+-----
Maces & Flails | 4 5 6 7 |  7.3
Stealth        | 1 2 |  2.9
Armour         | 3 4 5 |  5.4
Fighting       | 4 |  4.5
Dodging        | 2 |  2.2
Throwing       | 1 |  1.3
Evocations     | |  0.3

Action                   |  1- 3 |  4- 6 |  7- 9 || total
-------------------------+-------+-------+-------++-------
Melee: Mace              |    75 |   153 |   255 ||   483
Throw: Boomerang         |       |       |    35 ||    35
Evoke: Wand              |       |       |     4 ||     4
  Use: Scroll            |     2 |     7 |    10 ||    19
       Potion            |     3 |     2 |     2 ||     7
 Stab: Petrified         |       |     2 |    12 ||    14
       Confused          |       |     1 |     2 ||     3
       Petrifying        |       |       |     3 ||     3
  Eat: Chunk             |       |     3 |     4 ||     7
       Ration            |       |     2 |     2 ||     4
Armor: Leather armour    |    27 |    25 |       ||    52
       Chain mail        |       |    62 |   210 ||   272
Dodge: Dodged            |    64 |    51 |   194 ||   309
